Map: Fields of Death

Players

zod - Winner!

  • Race: Zerg Zerg
  • League: Silver

Blubbel - Winner!

  • Race: Terran Terran
  • League: Silver

TurkeyMan

  • Race: Zerg Zerg

Rellen

  • Race: Protoss Protoss

VOD

Have the link to the VOD?

Description

Time

  • Played on: Jan. 10, 2016, 6:30 a.m.
  • Length: 7:24
Show
View Real Time Build Order
Export as new Build Order

zod Zerg - Winner!

Build Orders: Pool First 

Get SALT Encoding   

  12  0:02  Drone  
  13  0:12  Drone  
  14  0:17  Overlord  
  14  0:37  Drone  
  14  0:39  Spawning Pool  
  14  0:42  Drone  
  15  0:51  Drone x2  
  17  1:01  Drone  
  18  1:06  Extractor  
  18  1:07  Extractor  
  16  1:15  Drone  
  17  1:29  Hatchery  
  16  1:36  Overlord  
  16  1:38  Drone  
  17  1:47  Queen  
  17  1:52  Drone  
  20  1:57  Zergling x2  
  21  2:04  Drone  
  22  2:15  Drone  
  23  2:40  Drone x2  
  25  2:46  Queen  
  25  2:49  Lair  
  27  2:54  Roach Warren  
  27  2:56  Drone  
  27  3:18  Drone  
  27  3:19  Drone x5  
  34  3:20  Drone  
  34  3:28  Zergling x2  
  34  3:29  Zergling x2  
  34  3:34  Metabolic Boost  
  36  3:39  Overlord  
  36  3:44  Overlord  
  36  4:01  Drone x2  
  36  4:02  Drone x5  
  43  4:06  Glial Reconstitution  
  43  4:14  Drone x3  
  46  4:19  Extractor  
  46  4:22  Evolution Chamber  
  44  4:37  Hydralisk Den  
  43  4:41  Extractor  
  42  4:48  Roach x3  
  42  4:49  Roach x2  
  42  4:50  Overlord x2  
  42  4:51  Overlord  
  50  5:02  Roach  
  50  5:05  Overlord x3  
  52  5:11  Muscular Augments  
  52  5:12  Drone  
  53  5:30  Zergling x4  
  55  5:40  Hydralisk  
  55  5:41  Hydralisk x3  
  63  5:50  Hydralisk x2  
  67  5:57  Overlord  
  67  6:00  Drone x3  
  70  6:06  Hydralisk  
  72  6:12  Hydralisk  
  72  6:14  Hydralisk  
  76  6:20  Drone x2  
  78  6:40  Hatchery  
  77  6:47  Hatchery  
Show
View Real Time Build Order
Export as new Build Order

Blubbel Terran - Winner!

Build Orders:  

Get SALT Encoding   

  12  0:01  SCV  
  13  0:15  SCV  
  14  0:24  Supply Depot  
  14  0:27  SCV  
  15  0:35  Refinery  
  15  0:45  SCV  
  15  0:48  Barracks  
  16  0:58  SCV  
  17  1:10  SCV  
  18  1:22  SCV  
  19  1:34  SCV  
  19  1:36  Marine  
  19  1:37  Supply Depot  
  21  1:44  Factory  
  21  1:46  SCV  
  22  1:52  Refinery  
  22  1:55  Marine  
  22  2:00  Supply Depot, Orbital Command  
  23  2:13  Marine  
  24  2:33  Starport  
  24  2:34  Widow Mine  
  26  2:39  SCV  
  27  2:51  SCV  
  28  2:59  Marine  
  28  3:03  SCV, Widow Mine  
  32  3:07  Command Center  
  32  3:15  SCV  
  32  3:16  Medivac  
  35  3:22  Barracks Reactor  
  35  3:27  SCV  
  35  3:28  Engineering Bay  
  36  3:37  Factory Tech Lab  
  36  3:39  SCV  
  37  4:02  Medivac  
  39  4:11  Supply Depot  
  39  4:16  Supply Depot  
  39  4:18  Terran Infantry Weapons Level 1  
  39  4:19  Marine x2, Widow Mine  
  39  4:39  Engineering Bay  
  39  4:48  Marine x2  
  41  4:55  Liberator  
  41  4:59  Missile Turret  
  41  5:03  SCV  
  41  5:07  Missile Turret  
  45  5:16  SCV  
  46  5:28  SCV  
  47  5:31  SCV  
  48  5:37  Liberator  
  48  5:40  SCV  
  49  5:42  Missile Turret  
  49  5:43  SCV  
  46  5:52  SCV  
  50  6:00  Marine x2  
  52  6:14  Barracks  
  52  6:18  Marine  
  53  6:21  Barracks  
  53  6:26  SCV  
  53  6:30  Refinery  
  53  6:32  Refinery  
  54  6:38  SCV  
  49  6:50  SCV  
  50  6:58  Starport Reactor  
  50  7:03  SCV  
  50  7:05  Barracks Reactor  
  50  7:07  Starport  
  51  7:16  Missile Turret  
  51  7:23  Command Center  
Show
View Real Time Build Order
Export as new Build Order

TurkeyMan Zerg 

Build Orders: Pool First 

Get SALT Encoding   

  12  0:19  Spawning Pool  
  11  0:23  Extractor  
  11  0:24  Drone  
  11  0:29  Drone  
  11  0:35  Drone  
  13  0:40  Drone  
  14  0:51  Overlord  
  14  1:12  Drone x2  
  17  1:25  Drone  
  17  1:29  Drone  
  18  1:40  Drone, Extractor  
  18  1:50  Drone  
  19  2:00  Lair  
  19  2:03  Drone  
  20  2:14  Drone  
  21  2:24  Drone  
  22  2:35  Overlord  
  22  2:52  Overlord  
  22  3:12  Drone, Spire  
  22  3:13  Drone  
  23  3:21  Drone  
  24  3:45  Hatchery  
  23  3:53  Extractor  
  22  4:05  Pneumatized Carapace  
  22  4:08  Overseer  
  22  4:09  Overlord x3  
  22  4:23  Mutalisk  
  20  4:43  Mutalisk  
  20  4:44  Mutalisk  
  13  5:02  Mutalisk  
  13  5:03  Mutalisk  
  17  5:26  Mutalisk  
  19  5:30  Drone x5  
  22  5:58  Drone  
  22  5:59  Drone x2  
  25  6:08  Drone  
  26  6:26  Mutalisk x5  
Show
View Real Time Build Order
Export as new Build Order

Rellen Protoss 

Build Orders:  

Get SALT Encoding   

  12  0:03  Probe (Chrono Boost)  
  14  0:14  Probe (Chrono Boost)  
  14  0:38  Pylon  
  14  0:40  Assimilator  
  14  0:42  Assimilator  
  14  0:45  Pylon  
  14  1:05  Gateway  
  14  1:17  Forge  
  14  1:19  Probe (Chrono Boost)  
  15  1:30  Probe (Chrono Boost)  
  16  1:40  Probe (Chrono Boost)  
  17  1:51  Probe (Chrono Boost)  
  18  1:59  Cybernetics Core  
  18  2:02  Probe (Chrono Boost)  
  18  2:03  Pylon  
  19  2:11  Zealot (Chrono Boost)  
  19  2:12  Probe (Chrono Boost)  
  22  2:23  Probe  
  23  2:47  Robotics Facility  
  23  3:53  Observer (Chrono Boost)  
  24  4:18  Probe  
  25  4:30  Probe  
  24  4:35  Nexus  
  8  4:39  Assimilator  
  8  4:43  Assimilator  
  8  4:47  Pylon  
  8  4:52  Pylon  
  4  5:47  Probe (Chrono Boost)  
  5  5:58  Probe (Chrono Boost)  
  6  6:08  Probe (Chrono Boost)  
  7  6:19  Probe (Chrono Boost)  
  8  6:29  Probe (Chrono Boost)  
Tags
 
Add a new tag
Caveats
  • Supply blocks, unpowered buildings, or Contaminate may cause inaccurate times.
  • Supply counts are checked every 10 seconds.